 Dungeon Crawl Stone Soup version 0.26.0-3-g156281e41b (webtiles) character file.

Game seed: 7513078518454071256

14 Myro the Shield-Bearer (level 2, -10/16 HPs)
             Began as a Vine Stalker Fighter on Jan 10, 2021.
             Killed by divine providence
             ... invoked by an orc priest
              (13 damage)
             ... on level 3 of the Dungeon.
             The game lasted 00:01:00 (891 turns).

Myro the Shield-Bearer (Vine Stalker Fighter)        Turns: 891, Time: 00:01:01

Health: -10/16     AC: 11    Str: 18    XL:     2   Next: 45%
Magic:  0/3        EV:  2    Int:  8    God:
Gold:   84         SH:  9    Dex: 13    Spells: 1/1 levels left

rFire    . . .     SeeInvis .   a - +0 rapier
rCold    . . .     Faith    .   c - +0 kite shield
rNeg     . . .     Spirit   +   e - +0 plate armour
rPois    .         Reflect  .   (no helmet)
rElec    .         Harm     .   (no cloak)
rCorr    .         Rampage  .   (no gloves)
Will     .....                  (no boots)
Stlth    ..........             (no amulet)
HPRegen  0.05/turn              (no ring)
MPRegen  0.08/turn              (no ring)

@: no status effects
A: fangs 2, magic shield, antimagic bite, no potion heal 3
a: no special abilities


You were on level 3 of the Dungeon.
You visited 1 branch of the dungeon, and saw 3 of its levels.

You collected 84 gold pieces.

Inventory:

Hand Weapons
 a - a +0 rapier (weapon)
Armour
 c - a +0 kite shield (worn)
 e - a +0 plate armour (worn)
Scrolls
 b - a scroll of magic mapping {unknown}
 f - a scroll of remove curse {unknown}
 h - a scroll of enchant weapon {unknown}
Potions
 d - a potion of might
 g - a potion of haste {unknown}
 i - 2 potions of curing {unknown}
 j - a potion of ambrosia {unknown}


   Skills:
 - Level 2.6 Fighting
 * Level 2.4 Short Blades
 + Level 2.6 Armour
 - Level 2.6 Shields


You had one spell level left.
You didn't know any spells.
Your spell library was empty.

Dungeon Overview and Level Annotations

Branches:
Dungeon (2/15)

Altars:
Fedhas


Innate Abilities, Weirdness & Mutations

You have extremely sharp teeth.
When hurt, damage is shared between your health and your magic reserves.
Your bite disrupts and absorbs the magic of your enemies.
Potions cannot restore your health.


Message History

An orc comes into view. It is wielding a +0 flail.
The orc shouts!
You hear a shout! x2
An orc comes into view.
Found 4 gold pieces.
The orc shouts!
An orc priest comes into view. It is wielding a +0 trident.
The orc priest begins to cast a cantrip, but forgets the words!
The orc hits you with a +0 whip.
You puncture the orc!
You kill the orc!
An orc comes into view. It is wielding a +0 club.
You block the orc's attack.
The orc priest invokes the aid of Beogh against you.
Beogh smites you!
Ouch! That really hurt!
* * * LOW HITPOINT WARNING * * *
The orc priest mumbles some strange prayers to Beogh against you.
Beogh smites you!
Ouch! That really hurt!
You die...

# ###.# #...#
....# #.###
#.### #.# #.#
#.#
#.#####.#####.#
#.............#
######.#######
#######.#
.......@#
$######.# #o#
#o# #.# #.# #o#
#o# #.#


You could see an orc priest and 3 orcs.

Vanquished Creatures
  An orc (D:3)
  2 giant cockroaches
  2 hobgoblins (D:1)
  3 bats
  A frilled lizard (D:1)
  A goblin (D:3)
  2 kobolds (D:1)
  2 rats (D:1)
14 creatures vanquished.

Vanquished Creatures (others)
  2 fungi (D:3)
  A plant (D:3)
3 creatures vanquished.

Grand Total: 17 creatures vanquished

Notes
Turn   | Place    | Note
-------+----------+-------------------------------------------
     0 | D:1      | Myro the Vine Stalker Fighter began the quest for the Orb.
     0 | D:1      | Reached XP level 1. HP: 11/11 MP: 2/2
   454 | D:1      | Reached XP level 2. HP: 15/16 MP: 3/3
   858 | D:2      | You fall into a shaft and drop 1 floor!
   858 | D:3      | Found a blossoming altar of Fedhas.
   891 | D:3      | Killed from afar by an orc priest

Illustrated notes

Levels and vault maps discovered:
D:1:      minmay_arrival_radiant_lines, layout_loops_corners,
          serial_bayou_ford_a, minivault_24, chequers_garden,
          minmay_curled_crystal
D:2:      layout_basic, corexii_shack
D:3:      layout_loops_ring, fedhas_altar_3

Skill      XL: |  1 |
---------------+----+-----
Short Blades   | 2 |  2.4
Fighting       | |  2.6
Armour         | |  2.6
Shields        | |  2.6

Action                   || total
-------------------------++-------
Melee: Rapier            ||    30
       Bite              ||     3
Armor: Plate armour      ||    19
Block: Kite shield       ||    14
